 Dungeon Crawl Stone Soup version 0.25-a0-635-g0c6c292ef3 (webtiles) character file.

Game seed: 12772879385131479644, levelgen mode: deterministic

9186 tilp the Martial Artist (level 11, -4/90 (92) HPs)
             Began as an Octopode Transmuter on Mar 20, 2020.
             Was a Believer of Ru.
             Slain by a porcupine (16 damage)
             ... on level 10 of the Dungeon.
             The game lasted 00:41:25 (15629 turns).

tilp the Martial Artist (Octopode Transmuter)      Turns: 15629, Time: 00:41:26

HP:   -4/90 (92)    AC: -2    Str: 10    XL:     11   Next: 42%
MP:   10/14         EV: 27    Int: 16    God:    Ru [**....]
Gold: 591           SH:  0    Dex: 15    Spells: 1/14 levels left

rFire    x . .     SeeInvis .     - Unarmed
rCold    + + +     Gourm    .   (shield currently unavailable)
rNeg     + . .     Faith    .   (helmet currently unavailable)
rPois    +         Spirit   .   m - amulet of the acrobat
rElec    .         Reflect  .   C - ring of positive energy
rCorr    .         Harm     .   F - ring of protection from cold
MR       .....                  (no ring)
Stlth    +.........             (no ring)
HPRegen  0.25/turn              (no ring)
MPRegen  0.14/turn              (no ring)
                                (no ring)
                                (no ring)

@: ice-form, corroded, acrobat, lightly drained
A: large, almost no armour, stealthy swim, amphibious, 8 rings, (constrict 8),
hated by all, no conjurations magic, no fire magic, no necromancy magic
a: End Transformation, Renounce Religion


You were on level 10 of the Dungeon.
You worshipped Ru.
Ru was pleased with you.
You were very hungry.
You were a creature of crystalline ice.
You visited 2 branches of the dungeon, and saw 11 of its levels.

You collected 591 gold pieces.

Inventory:

Missiles
 e - 6 curare-tipped darts (quivered)
 f - 6 boomerangs
 v - 17 poisoned darts
 D - 3 throwing nets
Jewellery
 m - an amulet of the acrobat (around neck)
 C - a ring of positive energy (left front paw)
 F - a ring of protection from cold (right front paw)
Wands
 b - a wand of iceblast (7)
 g - a wand of random effects (18)
 o - a wand of digging (5)
 z - a wand of flame (13)
Scrolls
 d - 2 scrolls of enchant weapon
 j - 2 scrolls of fog
 k - 11 scrolls of remove curse
 p - a scroll of fear
 q - a scroll of immolation
 t - a scroll of silence
 u - a scroll of amnesia
 x - a scroll of identify
 y - a scroll of enchant armour
 B - 2 scrolls of teleportation {unknown}
Potions
 a - a potion of curing
 h - 2 potions of might
 i - 2 potions of haste
 n - 3 potions of lignification
 r - a potion of stabbing
 s - 2 potions of brilliance
Miscellaneous
 w - a tin of tremorstones
Comestibles
 c - 16 rations


   Skills:
 - Level 8.0(7.9) Fighting
 - Level 4.0(3.9) Dodging
 + Level 13.7(13.6) Unarmed Combat
 - Level 2.0(1.9) Spellcasting
 - Level 6.0(5.9) Transmutations
 - Level 2.1(2.0) Ice Magic


You had one spell level left.
You knew the following spells:

 Your Spells              Type           Power        Failure   Level  Hunger
a - Beastly Appendage     Tmut           ###...       1%          1    #......
b - Blade Hands           Tmut           ###.......   45%         5    ######.
c - Spider Form           Tmut/Pois      ##........   19%         3    ###....
d - Ice Form              Ice/Tmut       ##......     38%         4    #####..

Your spell library contained the following spells:

 Spells                   Type           Power        Failure   Level  Hunger
 Sticks to Snakes         Tmut           Unusable     N/A         2    N/A

Dungeon Overview and Level Annotations

Branches:
Dungeon (10/15)            Temple (1/1) D:5            Lair (0/6) D:10
    Orc: D:9-12

Altars:
Ashenzari
Cheibriados
Dithmenos
Elyvilon
Fedhas
Gozag
Hepliaklqana
Kikubaaqudgha
Makhleb
Nemelex Xobeh
Okawaru
Qazlal
Ru
Sif Muna
Trog
Uskayaw
Vehumet
Wu Jian
Xom
Yredelemnul
Zin
The Shining One
Lugonu

Annotations:
D:8 Joseph


Innate Abilities, Weirdness & Mutations

You cannot wear most types of armour.
You are very stealthy in the water. (Stealth+)
You are amphibious.
You can wear up to eight rings at the same time.
((You can use your tentacles to constrict eight enemies at once.))
((Your skin changes colour to match your surroundings (Stealth+).))
((Your rubbery body absorbs attacks. (AC +1, EV +1)))
You are hated by all.
You cannot study or cast Conjurations magic.
You cannot study or cast Fire magic.
You cannot study or cast Necromancy magic.


Message History

You are struck by the porcupine's spines.
* * * LOW HITPOINT WARNING * * *
You hit the porcupine but do no damage.
You focus your will and illuminate the porcupine in retribution!
The porcupine bites you!
* * * LOW HITPOINT WARNING * * *
You hit the porcupine but do no damage.
The porcupine is stunned by your will and fails to attack.
Unknown command.
You are feeling very hungry.
You are struck by the porcupine's spines.
* * * LOW HITPOINT WARNING * * *
You completely miss the porcupine.
Unknown command.
The porcupine completely misses you.
The porcupine stops glowing.
Your magical contamination has completely faded away.
The porcupine misses you. The porcupine bites you!
You die...

#.......(....####..$.##.
#............# ......
#............# ......
####.######.## .....
#.######.### .....
#.##.......####.#####
#>...................
####r......####.#####
#Y......####.#
#............#
#.......###### #.......#
#.......# #.......####
##...(.....# #.........#
#.........#


You could see a porcupine.

Vanquished Creatures
  2 two-headed ogres (D:9)
  An ugly thing (D:10)
  A troll (D:10)
  Prince Ribbit (D:7)
  A hornet (D:8)
  2 hippogriffs
  A human (D:9)
  A wyvern (D:9)
  3 wraiths (D:10)
  4 hogs (D:9)
  Eustachio (D:6)
  A water moccasin (D:10)
  2 orc warriors (D:6)
  An ice beast (D:9)
  3 necrophages (D:9)
  2 sky beasts (D:5)
  A black bear (D:9)
  5 ogres
  A phantom (D:4)
  A centaur (D:8)
  2 big kobolds (D:3)
  An elf zombie (D:9)
  10 bullfrogs
  A wyvern zombie (D:9)
  3 scorpions
  11 killer bees
  15 wights
  4 crimson imps
  A howler monkey (D:5)
  A centaur skeleton (D:7)
  A centaur zombie (D:5)
  7 hounds
  A quasit (D:10)
  6 orc wizards
  2 orc priests (D:8)
  3 human zombies (D:9)
  2 bullfrog skeletons
  2 gnoll shamans
  4 worker ants
  A killer bee zombie (D:7)
  3 mummies (D:9)
  A hound zombie (D:5)
  A hound skeleton (D:10)
  A howler monkey zombie (D:5)
  A worker ant zombie (D:10)
  20 gnolls
  A howler monkey skeleton (D:5)
  13 adders
  A shadow imp (D:8)
  An adder skeleton (D:5)
  An adder zombie (D:9)
  3 worms (D:2)
  2 dart slugs
  8 leopard geckos
  22 orcs
  2 ball pythons
  6 bats
  5 giant cockroaches
  29 hobgoblins
  7 jackals
  9 kobolds
  7 quokkas
  9 frilled lizards
  32 goblins
  A leopard gecko skeleton (D:3)
  3 rats
302 creatures vanquished.

Vanquished Creatures (collateral kills)
  A scorpion (D:4)
1 creature vanquished.

Vanquished Creatures (others)
  A centaur skeleton (D:6)
  An orc (D:6)
2 creatures vanquished.

Grand Total: 305 creatures vanquished

Notes
Turn   | Place    | Note
-------+----------+-------------------------------------------
     0 | D:1      | tilp the Octopode Transmuter began the quest for the Orb.
     0 | D:1      | Reached XP level 1. HP: 13/13 MP: 3/3
   290 | D:1      | Reached XP level 2. HP: 11/18 MP: 5/5
   647 | D:1      | Learned a level 2 spell: Sticks to Snakes
  1065 | D:2      | Reached XP level 3. HP: 23/23 MP: 4/6
  1093 | D:2      | Found a stormy altar of Qazlal.
  1622 | D:2      | Found a shimmering altar of Xom.
  1694 | D:2      | HP: 1/23 [worm (11)]
  2071 | D:2      | Reached skill level 4 in Unarmed Combat
  2071 | D:2      | Reached XP level 4. HP: 18/28 MP: 7/7
  3256 | D:3      | Found a faded altar of an unknown god.
  3281 | D:3      | Found a hazy altar of Hepliaklqana.
  3333 | D:3      | Learned a level 3 spell: Spider Form
  3522 | D:3      | Reached XP level 5. HP: 33/33 MP: 6/8
  4994 | D:3      | Reached skill level 5 in Unarmed Combat
  5067 | D:3      | Noticed a big kobold
  5075 | D:3      | Noticed a big kobold
  5319 | D:3      | Reached XP level 6. HP: 30/38 MP: 9/9
  5507 | D:3      | Reached skill level 5 in Transmutations
  5745 | D:4      | Noticed a phantom
  5767 | D:4      | Reached XP level 7. HP: 22/43 MP: 8/10
  5940 | D:3      | Learned a level 4 spell: Ice Form
  6132 | D:4      | Reached skill level 6 in Unarmed Combat
  6337 | D:2      | Found a hide-covered altar of Uskayaw.
  6816 | D:5      | Entered Level 5 of the Dungeon
  6928 | D:5      | Reached skill level 7 in Unarmed Combat
  7197 | D:5      | Found a staircase to the Ecumenical Temple.
  7258 | Temple   | Entered the Ecumenical Temple
  7586 | D:5      | Reached XP level 8. HP: 48/48 MP: 7/11
  7741 | D:5      | Found a snail-covered altar of Cheibriados.
  7750 | D:5      | Reached skill level 8 in Unarmed Combat
  8120 | D:6      | Reached skill level 9 in Unarmed Combat
  8320 | D:6      | Found a sacrificial altar of Ru.
  8327 | D:6      | Noticed Eustachio
  8344 | D:6      | Killed Eustachio
  8594 | D:6      | Became a worshipper of Ru the Awakened
  8763 | D:6      | Reached skill level 10 in Unarmed Combat
  8763 | D:6      | Reached XP level 9. HP: 12/53 MP: 12/12
  9030 | D:6      | Reached skill level 1 in Ice Magic
  9080 | D:6      | Found an iron altar of Okawaru.
  9110 | D:6      | Found a bloodstained altar of Trog.
  9134 | D:6      | Found a basalt altar of Yredelemnul.
  9134 | D:6      | Found a glowing golden altar of the Shining One.
  9148 | D:6      | Noticed a profane servitor
  9155 | D:6      | Noticed an angel
  9590 | D:7      | Noticed Prince Ribbit
  9606 | D:7      | Killed Prince Ribbit
  9934 | D:7      | HP: 3/60 [poisoned by a killer bee]
  9941 | D:6      | HP: 2/60 [poisoned by a killer bee]
  9946 | D:6      | HP: 2/60 [poisoned by a killer bee]
  9952 | D:6      | HP: 2/60 [poisoned by a killer bee]
  9960 | D:6      | HP: 1/60 [poisoned by a killer bee]
 10264 | D:7      | Reached skill level 5 in Fighting
 10288 | D:7      | Gained mutation: You cannot study or cast Fire magic. [Ru
                  | sacrifice]
 10288 | D:7      | Gained mutation: You cannot study or cast Necromancy magic.
                  | [Ru sacrifice]
 10288 | D:7      | Gained mutation: You cannot study or cast Conjurations
                  | magic. [Ru sacrifice]
 10288 | D:7      | Reached * piety under Ru
 10523 | D:7      | Found a shattered altar of Ashenzari.
 11028 | D:8      | Found an opulent altar of Gozag.
 11028 | D:8      | Found a radiant altar of Vehumet.
 11093 | D:8      | Reached XP level 10. HP: 66/66 MP: 9/13
 11321 | D:8      | Paralysed by a hornet for 1 turns
 11620 | D:8      | Reached skill level 11 in Unarmed Combat
 12082 | D:8      | Noticed Joseph
 12248 | D:9      | Found a sparkling altar of Nemelex Xobeh.
 12648 | D:9      | Found a white marble altar of Elyvilon.
 12657 | D:9      | Noticed a two-headed ogre
 12675 | D:9      | Killed a two-headed ogre
 12840 | D:9      | Noticed a two-headed ogre
 12856 | D:9      | Killed a two-headed ogre
 13242 | D:9      | Reached skill level 12 in Unarmed Combat
 13270 | D:9      | Gained mutation: You are hated by all. [Ru sacrifice]
 13270 | D:9      | Reached ** piety under Ru
 13533 | D:9      | Found an ancient bone altar of Kikubaaqudgha.
 13586 | D:9      | Reached XP level 11. HP: 38/75 MP: 9/14
 13892 | D:9      | Reached skill level 13 in Unarmed Combat
 14306 | D:9      | Learned a level 5 spell: Blade Hands
 14365 | D:10     | Entered Level 10 of the Dungeon
 14574 | D:10     | Found a staircase to the Lair.
 14574 | D:10     | Noticed a death yak
 15474 | D:10     | Noticed a deep elf mage
 15567 | D:10     | Noticed a red ugly thing
 15607 | D:10     | Killed a brown ugly thing
 15629 | D:10     | Slain by a porcupine

Levels and vault maps discovered:
D:1:      lightli_arrival_quake, layout_basic
D:2:      layout_loops_ring, lemuel_crystal_altar,
          nicolae_qazlal_general_emergency, nicolae_overflow_hidden_temple,
          first_ration, kennysheep_generic_room_2
D:3:      minmay_goblin_kobold_castle, layout_basic, lemuel_doored_altar,
          chequers_ecumenical_altar_island, corexii_hall_statues_i
D:4:      layout_gridville, minivault_24
D:5:      minmay_bubble_buster, layout_gridville, cheibriados_altar_1,
          minmay_temple_entry_poolview
D:6:      layout_rooms, grunt_temple_overflow_holy_war,
          nicolae_ru_sacrificial_ziggurat, kennysheep_okawaru_gauntlet,
          trog_book, uniq_eustachio
D:7:      layout_loops_cross, overflow_temple_1_default, uniq_prince_ribbit1
D:8:      layout_loops_ring, gammafunk_temple_overflow_wave, uniq_joseph
D:9:      layout_roguey, lemuel_round_altar,
          lemuel_mausoleum_altar_kikubaaqudgha, elyvilon_altar_5,
          grunt_livestock
D:10:     layout_basic, dpeg_lair_monsters, kennysheep_generic_room_12,
          uniq_josephine
Temple:   corrupted_temple

Skill      XL: |  1  2  3  4  5  6  7  8  9 10 11 |
---------------+----------------------------------+-----
Transmutations | 3 4 5 6 |  6.0
Unarmed Combat | 4 5 7 10 12 13 | 13.7
Ice Magic      | 2 |  2.1
Fighting       | 5 8 |  8.0
Dodging        | 4 |  4.0
Spellcasting   | |  2.0

Action                   |  1- 3 |  4- 6 |  7- 9 | 10-12 || total
-------------------------+-------+-------+-------+-------++-------
Melee: Unarmed           |    69 |   186 |   281 |   300 ||   836
       Constrict         |    26 |    40 |    22 |    13 ||   101
       Kick              |    21 |    36 |    20 |     7 ||    84
       Tentacles         |    17 |    20 |    16 |     8 ||    61
       Punch             |     1 |     3 |     1 |     4 ||     9
Throw: Stone             |       |     3 |       |       ||     3
       Dart              |       |       |       |     2 ||     2
 Cast: Beastly Appendage |    17 |    43 |    23 |     8 ||    91
       Sticks to Snakes  |       |    14 |       |       ||    14
       Spider Form       |       |       |    30 |    13 ||    43
       Ice Form          |       |       |     2 |    13 ||    15
Invok: Sacrifice Arcana  |       |       |     1 |       ||     1
       Sacrifice Love    |       |       |       |     1 ||     1
  Use: Scroll            |     2 |     2 |     8 |     4 ||    16
       Potion            |       |     2 |     2 |     3 ||     7
 Stab: Sleeping          |     3 |     7 |    16 |     2 ||    28
  Eat: Chunk             |     3 |    14 |    22 |    13 ||    52
       Ration            |       |       |       |     2 ||     2
Armor: Skin              |     3 |    44 |    11 |    23 ||    81
Dodge: Dodged            |    23 |   120 |   222 |   175 ||   540

Table legend:
 A = Non-vault XP
 B = Vault XP
 C = Vault XP percentage of total XP
 D = Non-vault monster count
 E = Vault monster count
 F = Vault count percentage of total count
                 A         B        C        D         E       F
            +---------+---------+-------+---------+---------+-------
      Total |    9972 |    3151 |  24.0 |     212 |      91 |  30.0
            +---------+---------+-------+---------+---------+-------
        D:1 |      28 |       0 |   0.0 |      16 |       0 |   0.0
        D:2 |     119 |       3 |   2.5 |      26 |       2 |   7.1
        D:3 |      39 |     322 |  89.2 |      14 |      54 |  79.4
        D:4 |     417 |       2 |   0.5 |      13 |       1 |   7.1
        D:5 |     598 |     189 |  24.0 |      15 |       8 |  34.8
        D:6 |    1271 |     185 |  12.7 |      28 |       3 |   9.7
        D:7 |     859 |     274 |  24.2 |      17 |       1 |   5.6
        D:8 |    1282 |       0 |   0.0 |      32 |       0 |   0.0
        D:9 |    3091 |    1756 |  36.2 |      25 |      19 |  43.2
       D:10 |    2268 |     420 |  15.6 |      26 |       3 |  10.3
            +---------+---------+-------+---------+---------+-------
